 Dungeon Crawl Stone Soup version 0.30.1-11-g7821555f0a (webtiles) character file.

Game seed: 3534537404466337949

76 Martska the Insei (level 4, -9/32 (33) HPs)
             Began as a Human Transmuter on Dec 10, 2023.
             Mangled by Crazy Yiuf
             ... wielding a +3 quarterstaff of chaos
              (11 damage)
             ... on level 3 of the Dungeon.
             The game lasted 00:05:31 (2496 turns).

Martska the Insei (Human Transmuter)                Turns: 2496, Time: 00:05:31

HP:   -9/32 (33)    AC:  2    Str: 10    XL:     4   Next: 57%
MP:   6/7           EV: 12    Int: 16    God:
Gold: 137           SH:  0    Dex: 13    Spells: 4/7 levels left

rFire   + . .        g - +0 short sword
rCold   + . .        (no shield)
rNeg    . . .        a - +0 robe
rPois   +            (helmet currently unavailable)
rElec   +            (no cloak)
rCorr   +            (no gloves)
SInv    .            (boots currently unavailable)
Will    .....        (no amulet)
Stlth   +            (no ring)
HPRegen 0.25/turn    (no ring)
MPRegen 0.10/turn

%: no passive effects
@: appendages, resistant, lightly drained
A: horns 2, talons 2
a: End Transformation


You were on level 3 of the Dungeon.
You had temporarily grown beastly horns and talons.
You visited 1 branch of the dungeon, and saw 3 of its levels.

You collected 181 gold pieces.
You spent 44 gold pieces at shops.

Inventory:

Hand Weapons
 g - a +0 short sword (weapon)
Armour
 a - a +0 robe (worn)
Jewellery
 p - a +6 ring of strength
Scrolls
 c - a scroll of noise
 e - a scroll of poison {unknown}
 h - a scroll of amnesia {unknown}
 q - a scroll of fog {unknown}
 s - a scroll of enchant armour {unknown}
Potions
 b - a potion of lignification
 d - a potion of flight
 f - a potion of mutation {unknown}
 i - a potion of invisibility {unknown}
 j - a potion of brilliance {unknown}
 k - a potion of attraction {unknown}
 m - a potion of heal wounds {unknown}
 n - a potion of resistance {unknown}
 o - a potion of degeneration {unknown}
 r - 2 potions of curing


   Skills:
 * Level 2.1 Fighting
 + Level 2.5 Dodging
 * Level 3.5 Unarmed Combat
 + Level 2.3 Spellcasting
 + Level 1.0 Translocations
 + Level 2.3 Transmutations


You had 4 spell levels left.
You knew the following spells:

 Your Spells              Type           Power      Damage    Failure   Level
a - Beastly Appendage     Tmut           18%        N/A       8%          1
b - Blink                 Tloc           10%        N/A       21%         2

Your spell library contained the following spells:

 Spells                   Type           Power      Damage    Failure   Level
 Wereblood                Tmut           9%         N/A       12%         2
 Passwall                 Tmut/Erth      4%         N/A       19%         2
 Lesser Beckoning         Tloc           10%        N/A       21%         2
 Ensorcelled Hibernation  Hex/Ice        2%         N/A       30%         2
 Gell's Gravitas          Tloc           5%         N/A       36%         3
 Spider Form              Tmut/Pois      5%         N/A       36%         3
 Teleport Other           Tloc           5%         N/A       36%         3
 Swiftness                Air            1%         N/A       52%         3
 Ice Form                 Ice/Tmut       5%         N/A       77%         4
 Manifold Assault         Tloc           5%         N/A       78%         4
 Storm Form               Tmut/Air       2%         N/A       100%        7


Dungeon Overview and Level Annotations

Branches:
Dungeon (3/15)

Altars:
Okawaru
Trog

Shops:
D:1 [!?:

Annotations:
D:3 Crazy Yiuf


Innate Abilities, Weirdness & Mutations

You have temporarily grown beastly horns and talons.


Message History

No target in view!
There is a stone staircase leading down here.
Found a hammer.
Found a runed translucent door.
Crazy Yiuf shouts!
Crazy Yiuf whimpers, "Orb!"
Could not explore, unopened runed door.
No reachable target in view!
Press: ? - help, v - describe, . - travel
Here: Crazy Yiuf, wielding a +3 quarterstaff of chaos and wearing a +1 cloak of poison resistance (fire blocked by a runed translucent door)
The floor.
Crazy Yiuf cries, "Prologue foot water!"
As you read the scroll of identify, it crumbles to dust.
r - 2 potions of curing Crazy Yiuf whimpers, "Leather!"
Could not explore, unopened runed door.
Casting: Beastly Appendage (safe; 8% risk of failure)
Confirm with . or Enter, or press ? or * to list all spells.
You grow a pair of large bovine horns.
Your feet morph into talons.
You open the door. You barely miss Crazy Yiuf. Your kick misses Crazy Yiuf.
Crazy Yiuf hits you with a +3 quarterstaff of chaos!
You feel protected.
You hit Crazy Yiuf but do no damage. You claw Crazy Yiuf.
Crazy Yiuf is lightly wounded.
Crazy Yiuf hits you with a +3 quarterstaff of chaos!
You hit Crazy Yiuf but do no damage. You claw Crazy Yiuf.
You headbutt Crazy Yiuf.
Crazy Yiuf is heavily wounded.
Crazy Yiuf hits you with a +3 quarterstaff of chaos!
* * * LOW HITPOINT WARNING * * *
You feel drained.
* * * LOW HITPOINT WARNING * * *
You hit Crazy Yiuf but do no damage. Your kick misses Crazy Yiuf.
Crazy Yiuf is heavily wounded.
Crazy Yiuf closely misses you.
You hit Crazy Yiuf but do no damage.
Crazy Yiuf is heavily wounded.
Crazy Yiuf whimpers, "Prologue down leg!"
Crazy Yiuf hits you with a +3 quarterstaff of chaos!
You die...

.# #...########.#
##......##.# .#
##........##.####.#.#####.##
.#
###..#####.##................
.# #...>#
#################..#
.####.#..# ######..#
.........# #######.......#
..###.#.## ###
###.#....######## ..# #.#.#
#...##..#......####### ..#
#.#.# #...g@####.)..........
..# #.#.## #)..###
##....####### ..# #.#..# ###
###### ..# #.#### ..# #.#
..###.#########
..............#
###############


You could see Crazy Yiuf.

Vanquished Creatures
  2 adders (D:3)
  An ufetubus (D:3)
  A worm (D:2)
  A dart slug (D:3)
  2 orcs (D:3)
  2 ball pythons
  4 endoplasms
  5 goblins
  5 hobgoblins
  5 kobolds
  8 bats
  4 frilled lizards
  8 rats
48 creatures vanquished.

Notes
Turn   | Place    | Note
-------+----------+-------------------------------------------
     0 | D:1      | Martska the Human Transmuter began the quest for the Orb.
     0 | D:1      | Reached XP level 1. HP: 15/15 MP: 3/3
    17 | D:1      | Found Reyps's Distillery.
    82 | D:1      | Found a transporter.
   104 | D:1      | Reached XP level 2. HP: 17/21 MP: 5/5
   148 | D:1      | Found a transporter.
   148 | D:1      | Found Xunkemia's Magic Scroll Shoppe.
   265 | D:1      | Found Uno Akk's Book Emporium.
   273 | D:1      | Learned a level 2 spell: Blink
   401 | D:1      | Found Miaceet's Armour Boutique.
   606 | D:1      | Reached XP level 3. HP: 20/26 MP: 6/6
   638 | D:1      | Found a faded altar of an unknown god.
   823 | D:1      | Bought a scroll of identify for 22 gold pieces
   823 | D:1      | Bought a scroll of identify for 22 gold pieces
  1662 | D:3      | Reached XP level 4. HP: 23/33 MP: 7/7
  2158 | D:3      | Found an iron altar of Okawaru.
  2158 | D:3      | Found a bloodstained altar of Trog.
  2167 | D:3      | Reached skill level 1 in Translocations
  2483 | D:3      | Found a runed translucent door.
  2484 | D:3      | Noticed Crazy Yiuf
  2496 | D:3      | Mangled by Crazy Yiuf

Illustrated notes

Levels and vault maps discovered:
D:1:      minmay_arrival_diagonal_passages, layout_rooms,
          dreamdust_ecumenical_altar_sealed_demon, serial_shops,
          nicolae_shop_hallway_plus, nicolae_shop_advertising_works
          [nicolae_subvault_shop_adworks], nicolae_shop_just_a_little_nook,
          nicolae_shop_drivethru
D:2:      layout_loops_ring, serial_bayou_pond_d
D:3:      layout_loops_ring, grunt_temple_overflow_bloody_war,
          uniq_crazy_yiuf_cottage

Skill      XL: |  1  2  3  4 |
---------------+-------------+-----
Fighting       | 2 |  2.1
Translocations | 1 |  1.0
Dodging        | |  2.5
Unarmed Combat | |  3.5
Spellcasting   | |  2.3
Transmutations | |  2.3

Action                     |  1- 3 |  4- 6 || total
---------------------------+-------+-------++-------
  Melee: Unarmed           |    42 |       ||    42
         Short sword       |   116 |    46 ||   162
         Punch             |     1 |     1 ||     2
         Headbutt          |     1 |     1 ||     2
         Kick              |       |     4 ||     4
   Cast: Beastly Appendage |     3 |     3 ||     6
    Use: Scroll            |     2 |     1 ||     3
   Stab: Sleeping          |     3 |       ||     3
 Armour: Robe              |    36 |     2 ||    38
  Dodge: Dodged            |   104 |    35 ||   139
